 Dungeon Crawl Stone Soup version 0.21.1-1-g345015f (webtiles) character file.

51 thiefofnight the Sneak (level 4, 0/29 HPs)
             Began as a Halfling Assassin on Apr 29, 2018.
             Slain by Sigmund
             ... wielding a +0 scythe
              (2 damage)
             ... on level 2 of the Dungeon.
             The game lasted 00:06:09 (1430 turns).

thiefofnight the Sneak (Halfling Assassin)          Turns: 1430, Time: 00:06:10

Health: 0/29       AC:  4    Str: 10 (12) XL:     4   Next: 5%
Magic:  4/4        EV: 14    Int:  8 (9)  God:
Gold:   28         SH:  0    Dex: 16      Spells: 3/3 levels left

rFire    . . .     SeeInvis .   a - +2 dagger
rCold    . . .     Gourm    .   (shield restricted)
rNeg     . . .     Faith    .   c - +0 robe
rPois    .         Spirit   .   (no helmet)
rElec    .         Reflect  .   d - +0 cloak
rCorr    .         Harm     .   (no gloves)
MR       .....                  l - +0 pair of boots
Stlth    +.........             (no amulet)
HPRegen  0.09/turn              (no ring)
MPRegen  0.09/turn              (no ring)

@: confused
A: small, mutation resistance 1
a: no special abilities


You were on level 2 of the Dungeon.
You were not hungry.

You visited 1 branch of the dungeon, and saw 2 of its levels.

You collected 28 gold pieces.

Inventory:

Hand Weapons
 a - a +2 dagger (weapon)
 b - a +0 blowgun
Missiles
 e - 8 poisoned needles
 f - 2 curare-tipped needles
 r - 8 needles of sleeping
Armour
 c - a +0 robe (worn)
 d - a +0 cloak (worn)
 l - a +0 pair of boots (worn)
Jewellery
 q - an uncursed ring of see invisible {unknown}
Scrolls
 h - 2 scrolls of remove curse {unknown}
 i - a scroll of noise {unknown}
 j - 3 scrolls of identify {unknown}
 k - a scroll of blinking {unknown}
 n - a scroll of teleportation {unknown}
 o - a scroll of immolation {unknown}
 p - a scroll of amnesia {unknown}
Comestibles
 g - 4 rations
 m - 6 chunks of flesh


   Skills:
 + Level 1.9 Fighting
 + Level 3.1 Short Blades
 + Level 2.1 Throwing
 + Level 1.7 Dodging
 + Level 5.3 Stealth


You had 3 spell levels left.
You didn't know any spells.

Dungeon Overview and Level Annotations

Branches:
Dungeon (2/15)

Altars:
Wu Jian

Annotations:
D:2 Sigmund


Innate Abilities, Weirdness & Mutations

You are small and have problems with some larger weapons.
You are somewhat resistant to further mutation.


Message History

Sigmund closely misses you. The giant cockroach closely misses you.
You hit the giant cockroach.
The giant cockroach is severely wounded.
The giant cockroach completely misses you.
You hit the giant cockroach.
You kill the giant cockroach!
Sigmund gestures at you while chanting. The magic dart hits you!
* * * LOW HITPOINT WARNING * * *
Sigmund casts a spell at you.
You are confused.
Sigmund gestures at you while chanting. The magic dart hits you!
* * * LOW HITPOINT WARNING * * *
Things that are here:
a short sword; a kobold skeleton You bump into the rock wall.
You bump into the rock wall.
Sigmund hits you from afar with a scythe.
You die...

#.#...##....# #.##..##....#
#.##..##....# #.###.####..# #.#
#.. #..# #.# #..# #..# #.#
#.(####)# ########
#.###.......#### ##.......
####..........@.@.#######........
...............)........##.######
..########.############.##.#
.............# #.##.######
..#########..# #.........) ###
###..## #..#.###### #.....#
#..#....... #.....# #..#.......
## #.....# #..#...####


You could see Sigmund.

Vanquished Creatures
  2 adders (D:2)
  3 dart slugs
  A ball python (D:1)
  2 giant cockroaches (D:2)
  3 goblins
  3 hobgoblins
  6 kobolds
  A bat (D:1)
  4 frilled lizards
  3 rats
28 creatures vanquished.

Notes
Turn   | Place    | Note
-------+----------+-------------------------------------------
     0 | D:1      | thiefofnight the Halfling Assassin began the quest for the Orb.
     0 | D:1      | Reached XP level 1. HP: 14/14 MP: 1/1
   358 | D:1      | Reached XP level 2. HP: 16/19 MP: 2/2
   535 | D:1      | Reached skill level 5 in Stealth
   850 | D:1      | Reached XP level 3. HP: 19/24 MP: 3/3
  1029 | D:2      | Found an ornate altar of the Wu Jian Council.
  1244 | D:2      | Reached XP level 4. HP: 13/29 MP: 4/4
  1397 | D:2      | Noticed Sigmund
  1430 | D:2      | Slain by Sigmund

Skill      XL: |  1  2  3 |
---------------+----------+-----
Stealth        | 5 |  5.3
Short Blades   | 3 |  3.1
Fighting       | |  1.9
Throwing       | |  2.1
Dodging        | |  1.7

Action                   |  1- 3 |  4- 6 || total
-------------------------+-------+-------++-------
Melee: Dagger            |    89 |     4 ||    93
  Use: Potion            |     3 |       ||     3
 Stab: Sleeping          |     2 |     1 ||     3
  Eat: Chunk             |     1 |     1 ||     2
Armor: Robe              |    16 |       ||    16
Dodge: Dodged            |    67 |     5 ||    72
